 Dungeon Crawl Stone Soup version 0.29-a0-383-g8b6f518c11 (webtiles) character file.

Game seed: 11062442586124409403

3 Kenran the Ducker (level 1, -1/10 HPs)
             Began as a Felid Monk on May 6, 2022.
             Frozen to death by an endoplasm (5 damage)
             ... on level 1 of the Dungeon.
             The game lasted 00:00:15 (41 turns).

Kenran the Ducker (Felid Monk)                        Turns: 41, Time: 00:00:16

Health: -1/10      AC:  1    Str:  7    XL:     1   Next: 41%
Magic:  2/2        EV: 19    Int: 11    God:
Gold:   0          SH:  0    Dex: 18    Spells: 0/0 levels left
                                        Lives:  0   Deaths: 0

rFire   . . .      SeeInvis +     - Unarmed
rCold   . . .      Faith    .   (shield unavailable)
rNeg    . . .      Spirit   .   (body armour unavailable)
rPois   .          Reflect  .   (helmet unavailable)
rElec   .          Harm     .   (cloak unavailable)
rCorr   .          Rampage  .   (gloves unavailable)
Will    .....                   (boots unavailable)
Stlth   ++........              (no amulet)
HPRegen 0.03/turn               (no ring)
MPRegen 0.08/turn               (no ring)

@: quick
A: very small, claws 1, fangs 3, see invisible, speed 1, shaggy fur 1, stealthy
paws, no weapons or thrown items, no armour, multi-lived
a: no special abilities


You were on level 1 of the Dungeon.
You visited 1 branch of the dungeon, and saw 1 of its levels.

Inventory:

Potions
 a - a potion of ambrosia


   Skills:
 - Level 3.0 Fighting
 - Level 4.0 Dodging
 + Level 3.0 Stealth
 + Level 3.1 Unarmed Combat


You couldn't memorise any spells.
You didn't know any spells.
Your spell library was empty.

Dungeon Overview and Level Annotations

Branches:
Dungeon (1/15)

Altars:


Innate Abilities, Weirdness & Mutations

You have sharp claws.
You have razor-sharp teeth.
You have supernaturally acute eyesight. (SInv)
You cover ground quickly. (Speed+)
You are covered in fur. (AC +1)
Your paws help you pounce on unaware monsters.
You are incapable of wielding weapons or throwing items.
You cannot wear armour.
You gain extra lives every three experience levels.


Message History

Found a silvery potion.
A quokka comes into view.
A kobold comes into view.
It is wielding a +0 short sword of flaming.
Found a stone staircase leading down.
You pounce on the unaware helpless endoplasm!
You claw the endoplasm!
You kill the endoplasm!
You completely miss the quokka. The quokka barely misses you.
The quokka bites you.
You closely miss the quokka. You bite the quokka.
The quokka is moderately wounded.
The kobold shouts!
An endoplasm comes into view.
The quokka barely misses you.
The endoplasm quivers.
You scratch the quokka but do no damage.
The quokka is moderately wounded.
The quokka twitches its whiskers.
The quokka barely misses you.
You scratch the quokka.
The quokka is almost dead.
The quokka misses you.
You closely miss the quokka. Your claw misses the quokka.
The quokka is almost dead.
The quokka barely misses you.
The kobold throws a stone.
The stone misses you.
You scratch the quokka.
You kill the quokka!
The endoplasm freezes you.
You are frozen.
You are too injured to fight recklessly!
You scratch the kobold.
You kill the kobold!
The endoplasm hits you.
Your Stealth skill increases to level 3!
You scratch the endoplasm.
The endoplasm is severely wounded.
The endoplasm freezes you.
You are frozen.
Ouch! That really hurt!
You die...

##≈#.#≈##....#
###.###..#.##
!......#..#
###.....##
..##.....###
.........#
..###....#
###..###
#...@# #..J)#
#....#
#.......
#.........
#..........>
.............
..............
##............


You could see an endoplasm.

Vanquished Creatures
  An endoplasm (D:1)
  A quokka (D:1)
  A kobold (D:1)
3 creatures vanquished.

Notes
Turn   | Place    | Note
-------+----------+-------------------------------------------
     0 | D:1      | Kenran the Felid Monk began the quest for the Orb.
     0 | D:1      | Reached XP level 1. HP: 10/10 MP: 2/2
    41 | D:1      | Frozen to death by an endoplasm

Illustrated notes

Levels and vault maps discovered:
D:1:      ldierk_walled_garden_2, layout_rooms, ebering_ecumenical_altar_hall

Skill      XL: |  1 |
---------------+----+-----
Stealth        | 3 |  3.0
Fighting       | |  3.0
Dodging        | |  4.0
Unarmed Combat | |  3.1

Action                   || total
-------------------------++-------
Melee: Unarmed           ||     9
       Bite              ||     1
 Stab: Sleeping          ||     1
Dodge: Dodged            ||     6

Table legend: (Time is in decaauts)
 A = Elapsed time spent in this place.
 B = Non-inter-level travel time spent in this place.
 C = Inter-level travel time spent in this place.
 D = Time resting spent in this place.
 E = Time spent auto-exploring this place.
 F = Levels seen in this place.
 G = Mean time per level.
                   A        B        C        D        E       F      G
               +--------+--------+--------+--------+--------+-----+--------+
         Total |     34 |     34 |      0 |      0 |     18 |   1 |   34.0 |
       Dungeon |     34 |     34 |      0 |      0 |     18 |   1 |   34.0 |
               +--------+--------+--------+--------+--------+-----+--------+

Top non-repeatable levels by time:
     D:1: 34 daAuts
